AoeStats
← TenienteDAN

Arena

508815681Analyzed
1v1 RM · 8d ago on Sep 24, 2026· 32m 5s· 2 players
Game mode
Random Map
Map size
Tiny (2 player)
Population
200
Speed
Normal
Resources
Standard
Victory
Conquest
Starting age
Dark Age
Ending age
Imperial Age
RankedLock teamsTeams togetherTeam positionsShared explorationLock speedFull tech treeHidden civsTurbo modeCheats
Victory
Defeat
🇦🇷 Spanish · Argentina
1106
+15
🇺🇸 Franks · United States
1077
-15
Savitar1678
9:41 Feudal Age
10:38 Double-Bit Axe
15:09 Castle Age
19:31 Wheelbarrow
21:07 Town Watch
23:10 Bow Saw
23:32 Stone Mining
23:32 Gold Mining
25:16 Hand Cart
29:01 Imperial Age
28:59 Forging
28:41 Fletching
30:08 Gold Shaft Mining
30:11 Masonry
30:28 Ballistics
TenienteDAN
11:03 Feudal Age
14:59 Castle Age
13:05 Horse Collar
13:42 Double-Bit Axe
15:42 Stone Mining
16:06 Bow Saw
16:44 Heavy Plow
17:14 Gold Mining
17:40 Bow Saw
20:02 Loom
24:53 Imperial Age
23:53 Scale Mail Armor
24:06 Forging
25:06 Chain Mail Armor
24:13 Pikeman
25:06 Squires
26:21 Iron Casting
26:48 Wheelbarrow
25:59 Town Watch
29:01 Fletching
29:12 Padded Archer Armor
30:25 Sanctity
30:16 Fervor
30:22 Block Printing
32:11 Chemistry
31:44 Hand Cart
31:53 Bodkin Arrow
32:14 Leather Archer Armor
32:15 Town Patrol
Connection lost

Rejoining the realm…

Still unreachable

The connection could not be restored.

Session expired

The server has moved on; the page needs a fresh start.